SNL (28 & UNDER)
SALEM SILVER SOULS @ WEST VIRGINIA POWER
09/26/2025
 
TOP OF THE 1ST
Salem Silver Souls batting - Pitching for West Virginia Power : RHP Xavier Castañera
Pitching: RHP Xavier Castañera
Batting: LHB Millard Dye 0-0: Fly out, F8 (Flyball, 8LD)
Batting: RHB Jesús Gutiérrez 0-0: Fly out, F3 (Popup, 3)
Batting: LHB Ezechiele Bruno 0-0: Foul Ball, location: 2F
0-1: Foul Ball, location: 2F
0-2: Strikes out swinging
Top of the 1st over - 0 run(s), 0 hit(s), 0 error(s), 0 left on base; Salem 0 - West Virginia 0
BOTTOM OF THE 1ST
West Virginia Power batting - Pitching for Salem Silver Souls : LHP Francisco Nieto
Pitching: LHP Francisco Nieto
Batting: LHB Júlio Martínez 0-0: Ball
1-0: Called Strike
1-1: Swinging Strike
1-2: Strikes out swinging
Batting: LHB Héctor Cruz 0-0: Called Strike
0-1: Ball
1-1: Foul Ball, location: 2F
1-2: Ball
2-2: Ball
3-2: Fly out, F7 (Flyball, 8LM)
Batting: RHB Gonzalo Gil 0-0: Foul Ball, location: 2F
0-1: Swinging Strike
0-2: Ball
1-2: Foul Ball, location: 2F
1-2: Fly out, F7 (Flyball, 7M)
Bottom of the 1st over - 0 run(s), 0 hit(s), 0 error(s), 0 left on base; Salem 0 - West Virginia 0
TOP OF THE 2ND
Salem Silver Souls batting - Pitching for West Virginia Power : RHP Xavier Castañera
Batting: LHB Raúl Cordero 0-0: Called Strike
0-1: Ball
1-1: Foul Ball, location: 2F
1-2: Strikes out swinging
Batting: RHB Gabriel Miranda 0-0: Called Strike
0-1: Ball
1-1: Ball
2-1: Fly out, F8 (Flyball, 8LD)
Batting: RHB Augusto Baiano 0-0: Ball
1-0: Called Strike
1-1: Ball
2-1: Called Strike
2-2: Strikes out swinging
Top of the 2nd over - 0 run(s), 0 hit(s), 0 error(s), 0 left on base; Salem 0 - West Virginia 0
BOTTOM OF THE 2ND
West Virginia Power batting - Pitching for Salem Silver Souls : LHP Francisco Nieto
Batting: RHB Dave McGrath 0-0: Called Strike
0-1: Ground out 4-3 (Groundball, 34S)
Batting: RHB Tony Parker 0-0: Ball
1-0: SINGLE (Groundball, 13) (infield hit)
Batting: RHB Will Lott 0-0: Ball
1-0: Ball
2-0: Ball
3-0: Base on Balls
Tony Parker to second
Batting: SHB Waylon Adams 0-0: Fly out, F8 (Line Drive, 8RM)
Batting: RHB Mike Ingram 0-0: Ground out 4-3 (Groundball, 4)
Bottom of the 2nd over - 0 run(s), 1 hit(s), 0 error(s), 2 left on base; Salem 0 - West Virginia 0
TOP OF THE 3RD
Salem Silver Souls batting - Pitching for West Virginia Power : RHP Xavier Castañera
Batting: LHB Jermaine Carter 0-0: Ball
1-0: Ball
2-0: Fly out, F7 (Flyball, 7M)
Batting: LHB Nick Scott 0-0: Called Strike
0-1: Ground out 6-3 (Groundball, 6)
Batting: SHB Francis Shaffer 0-0: Ball
1-0: Ball
2-0: Ball
3-0: Base on Balls
Batting: LHB Millard Dye 0-0: Ball
1-0: Called Strike
1-1: Swinging Strike
1-2: Ball
2-2: Strikes out swinging
Top of the 3rd over - 0 run(s), 0 hit(s), 0 error(s), 1 left on base; Salem 0 - West Virginia 0
BOTTOM OF THE 3RD
West Virginia Power batting - Pitching for Salem Silver Souls : LHP Francisco Nieto
Batting: LHB Héctor Soto 0-0: Called Strike
0-1: Called Strike
0-2: Strikes out swinging
Batting: LHB Júlio Martínez 0-0: Called Strike
0-1: Ball
1-1: Ball
2-1: Ball
3-1: SINGLE (Groundball, 3D)
Batting: LHB Héctor Cruz 0-0: Ball
Júlio Martínez steals 2nd base
1-0: Ball
2-0: Swinging Strike
2-1: Foul Ball, location: 2F
2-2: Foul Ball, location: 2F
2-2: Ball
3-2: Strikes out swinging
Batting: RHB Gonzalo Gil 0-0: Fly out, F4 (Popup, 3)
Bottom of the 3rd over - 0 run(s), 1 hit(s), 0 error(s), 1 left on base; Salem 0 - West Virginia 0
TOP OF THE 4TH
Salem Silver Souls batting - Pitching for West Virginia Power : RHP Xavier Castañera
Batting: RHB Jesús Gutiérrez 0-0: Ground out 6-3 (Groundball, 6)
Batting: LHB Ezechiele Bruno 0-0: Called Strike
0-1: Ball
1-1: Swinging Strike
1-2: Ball
2-2: Ball
3-2: DOUBLE (Flyball, 7LM)
Batting: LHB Raúl Cordero 0-0: Called Strike
0-1: Ground out 6-3 (Groundball, 6)
Ezechiele Bruno to third
Batting: RHB Gabriel Miranda 0-0: Ball
1-0: Called Strike
1-1: SINGLE (Groundball, 56D)
Ezechiele Bruno scores
Batting: RHB Augusto Baiano 0-0: Foul Ball, location: 2F
0-1: Foul Ball, location: 2F
0-2: Strikes out swinging
Top of the 4th over - 1 run(s), 2 hit(s), 0 error(s), 1 left on base; Salem 1 - West Virginia 0
BOTTOM OF THE 4TH
West Virginia Power batting - Pitching for Salem Silver Souls : LHP Francisco Nieto
Batting: RHB Dave McGrath 0-0: Swinging Strike
0-1: Ball
1-1: Called Strike
1-2: Strikes out swinging
Batting: RHB Tony Parker 0-0: Ball
1-0: Ball
2-0: Foul Ball, location: 2F
2-1: Ball
3-1: Called Strike
3-2: Base on Balls
Batting: RHB Will Lott 0-0: Called Strike
0-1: Grounds into double play, 6-4-3 (Groundball, 6)
Bottom of the 4th over - 0 run(s), 0 hit(s), 0 error(s), 0 left on base; Salem 1 - West Virginia 0
TOP OF THE 5TH
Salem Silver Souls batting - Pitching for West Virginia Power : RHP Xavier Castañera
Batting: LHB Jermaine Carter 0-0: Ball
1-0: Fly out, F9 (Line Drive, 89S)
Batting: LHB Nick Scott 0-0: DOUBLE (Line Drive, 9LS)
Batting: SHB Francis Shaffer 0-0: Called Strike
0-1: Ball
1-1: Ball
2-1: Called Strike
Reached via error on a dropped throw, E1
Nick Scott to third
Batting: LHB Millard Dye 0-0: Swinging Strike
0-1: Foul Ball, location: 2F
0-2: Ball
1-2: Foul Ball, location: 2F
1-2: Ball
2-2: Strikes out swinging
Batting: RHB Jesús Gutiérrez 0-0: Ball
1-0: Called Strike
1-1: Foul Ball, location: 2F
1-2: Strikes out swinging
Top of the 5th over - 0 run(s), 1 hit(s), 1 error(s), 2 left on base; Salem 1 - West Virginia 0
BOTTOM OF THE 5TH
West Virginia Power batting - Pitching for Salem Silver Souls : LHP Francisco Nieto
Batting: SHB Waylon Adams 0-0: Foul Ball, location: 2F
0-1: Swinging Strike
0-2: Strikes out swinging
Batting: RHB Mike Ingram 0-0: Ball
1-0: Ground out 1-3 (Groundball, 15)
Batting: LHB Héctor Soto 0-0: Ball
1-0: Called Strike
1-1: Ball
2-1: Ball
3-1: Called Strike
3-2: Ground out 6-3 (Groundball, 6)
Bottom of the 5th over - 0 run(s), 0 hit(s), 0 error(s), 0 left on base; Salem 1 - West Virginia 0
TOP OF THE 6TH
Salem Silver Souls batting - Pitching for West Virginia Power : RHP Xavier Castañera
Batting: LHB Ezechiele Bruno 0-0: Called Strike
0-1: Ball
1-1: Fly out, F4 (Popup, 4MS)
Batting: LHB Raúl Cordero 0-0: Called Strike
0-1: Foul Ball, location: 2F
0-2: Ball
1-2: Strikes out swinging
Batting: RHB Gabriel Miranda 0-0: Ball
1-0: SINGLE (Groundball, 4D)
Batting: RHB Augusto Baiano 0-0: DOUBLE (Popup, 3D)
Gabriel Miranda to third
Runner from 3rd tries for Home, SAFE, no throw or cutoff
Batting: LHB Jermaine Carter 0-0: Called Strike
0-1: Ball
1-1: Swinging Strike
1-2: Strikes out swinging
Top of the 6th over - 1 run(s), 2 hit(s), 0 error(s), 1 left on base; Salem 2 - West Virginia 0
BOTTOM OF THE 6TH
West Virginia Power batting - Pitching for Salem Silver Souls : LHP Francisco Nieto
Batting: LHB Júlio Martínez 0-0: Called Strike
0-1: Called Strike
0-2: Ground out 3-1 (Groundball, 3)
Batting: LHB Héctor Cruz 0-0: Ground out 6-3 (Groundball, 6)
Batting: RHB Gonzalo Gil 0-0: Foul Ball, location: 2F
0-1: Swinging Strike
0-2: Ground out 1-3 (Groundball, 13)
Bottom of the 6th over - 0 run(s), 0 hit(s), 0 error(s), 0 left on base; Salem 2 - West Virginia 0
TOP OF THE 7TH
Salem Silver Souls batting - Pitching for West Virginia Power : RHP Xavier Castañera
Batting: LHB Nick Scott 0-0: Ball
1-0: Foul Ball, location: 2F
1-1: Ball
2-1: Ball
3-1: Foul Ball, location: 2F
3-2: Foul Ball, location: 2F
3-2: Base on Balls
Pitching: RHP Germán Hernández
Batting: SHB Francis Shaffer 0-0: Sac Bunt - play at first, batter OUT! 1-3
Nick Scott to second
Batting: LHB Millard Dye 0-0: Intentional Walk
Batting: RHB Jesús Gutiérrez 0-0: Ball
1-0: Ball
2-0: Ball
3-0: Called Strike
3-1: Base on Balls
Nick Scott to third
Millard Dye to second
Pitching: LHP John Helms
Pinch Hitting: RHB Carlos García 0-0: Swinging Strike
0-1: Ball
1-1: Swinging Strike
1-2: Strikes out swinging
Pitching: LHP Edmond Summers
Batting: LHB Raúl Cordero 0-0: Ball
1-0: SINGLE (Groundball, 3)
Nick Scott scores
Millard Dye to third
Jesús Gutiérrez to second
Runner from 3rd tries for Home, SAFE, throw made home
Batting: RHB Gabriel Miranda 0-0: SINGLE (Groundball, 4MD)
Jesús Gutiérrez to third
Raúl Cordero to second
Throwing error, E8
Jesús Gutiérrez scores
Raúl Cordero to third
Gabriel Miranda to second
Batting: RHB Augusto Baiano 0-0: Ball
1-0: Called Strike
1-1: Ball
2-1: Called Strike
2-2: Strikes out swinging
Top of the 7th over - 3 run(s), 2 hit(s), 1 error(s), 2 left on base; Salem 5 - West Virginia 0
BOTTOM OF THE 7TH
West Virginia Power batting - Pitching for Salem Silver Souls : LHP Francisco Nieto
Now in LF: Carlos García
Batting: RHB Dave McGrath 0-0: Called Strike
0-1: Called Strike
0-2: Ball
1-2: Foul Ball, location: 2F
1-2: Ground out 4-3 (Groundball, 4M)
Batting: RHB Tony Parker 0-0: Ball
1-0: Fly out, F7 (Line Drive, 7M)
Batting: RHB Will Lott 0-0: Ball
1-0: Ball
2-0: Ball
3-0: Called Strike
3-1: Base on Balls
Batting: SHB Waylon Adams 0-0: Foul Ball, location: 2F
0-1: Swinging Strike
0-2: Strikes out swinging
Bottom of the 7th over - 0 run(s), 0 hit(s), 0 error(s), 1 left on base; Salem 5 - West Virginia 0
TOP OF THE 8TH
Salem Silver Souls batting - Pitching for West Virginia Power : LHP Edmond Summers
Batting: LHB Jermaine Carter 0-0: Called Strike
0-1: SINGLE (Line Drive, 34)
Batting: LHB Nick Scott 0-0: Reached on error, E2 (Groundball, 2R)
Jermaine Carter to third
Batting: SHB Francis Shaffer 0-0: Ball
1-0: Called Strike
1-1: Ground out 1-3 (Groundball, 23)
Batting: LHB Millard Dye 0-0: Fly out, F8 (Flyball, 8RD)
Runner from 3rd tags up, SCORES, no throw
Nick Scott to third
Batting: RHB Jesús Gutiérrez 0-0: Called Strike
0-1: Ball
1-1: Foul Ball, location: 2F
1-2: Ball
2-2: Ball
3-2: Base on Balls
Batting: RHB Carlos García 0-0: Fly out, F8 (Flyball, 8RD)
Top of the 8th over - 1 run(s), 1 hit(s), 1 error(s), 2 left on base; Salem 6 - West Virginia 0
BOTTOM OF THE 8TH
West Virginia Power batting - Pitching for Salem Silver Souls : LHP Francisco Nieto
Batting: RHB Mike Ingram 0-0: Called Strike
0-1: Called Strike
0-2: Ball
1-2: Ground out 6-3 (Groundball, 6)
Batting: LHB Héctor Soto 0-0: Ground out U3 (Groundball, 3)
Batting: LHB Júlio Martínez 0-0: Swinging Strike
0-1: Ball
1-1: SINGLE (Line Drive, 34D)
Batting: LHB Héctor Cruz 0-0: Called Strike
0-1: Ball
1-1: SINGLE (Groundball, 34D)
Júlio Martínez to second
Runner from 2nd tries for 3rd, SAFE, no throw or cutoff
Pitching: RHP Jeff Hansen
Batting: RHB Gonzalo Gil 0-0: Ball
1-0: Ball
2-0: Called Strike
2-1: Foul Ball, location: 2F
2-2: Foul Ball, location: 2F
2-2: Foul Ball, location: 2F
2-2: SINGLE (Line Drive, 7LS)
Júlio Martínez scores
Héctor Cruz to second
Batting: RHB Dave McGrath 0-0: Foul Ball, location: 2F
0-1: SINGLE (Groundball, 4MD)
Héctor Cruz to third
Gonzalo Gil to second
Runner from 3rd tries for Home, SAFE, no throw or cutoff
Pitching: RHP Miguel Ortíz
Batting: RHB Tony Parker 0-0: Ball
1-0: Called Strike
1-1: Swinging Strike
1-2: Fly out, F4 (Popup, 4M)
Bottom of the 8th over - 2 run(s), 4 hit(s), 0 error(s), 2 left on base; Salem 6 - West Virginia 2
TOP OF THE 9TH
Salem Silver Souls batting - Pitching for West Virginia Power : LHP Edmond Summers
Batting: LHB Raúl Cordero 0-0: Ball
1-0: Ball
2-0: Fly out, F3 (Popup, 3SF)
Batting: RHB Gabriel Miranda 0-0: Ball
1-0: DOUBLE (Line Drive, 9LM)
Batting: RHB Augusto Baiano 0-0: Intentional Walk
Batting: LHB Jermaine Carter 0-0: Ball
1-0: Ball
2-0: Called Strike
2-1: Foul Ball, location: 2F
2-2: Ball
3-2: Foul Ball, location: 2F
3-2: Foul Ball, location: 2F
3-2: Strikes out looking
Batting: LHB Nick Scott 0-0: Foul Ball, location: 2F
0-1: Ball
1-1: Foul Ball, location: 2F
1-2: Strikes out swinging
Top of the 9th over - 0 run(s), 1 hit(s), 0 error(s), 2 left on base; Salem 6 - West Virginia 2
BOTTOM OF THE 9TH
West Virginia Power batting - Pitching for Salem Silver Souls : RHP Miguel Ortíz
Batting: RHB Will Lott 0-0: Ball
1-0: Foul Ball, location: 2F
1-1: Foul Ball, location: 2F
1-2: Foul Ball, location: 2F
1-2: Foul Ball, location: 2F
1-2: Foul Ball, location: 2F
1-2: Ball
2-2: Ball
3-2: Foul Ball, location: 2F
3-2: DOUBLE (Line Drive, 9LM)
Batting: SHB Waylon Adams 0-0: Swinging Strike
0-1: Swinging Strike
0-2: Ball
1-2: Strikes out swinging
Batting: RHB Mike Ingram 0-0: SINGLE (Groundball, 5L) (infield hit)
Will Lott to third
Pitching: RHP Andy Hickey
Batting: LHB Héctor Soto 0-0: Fly out, F7 (Flyball, 78M)
Runner from 3rd tags up, SCORES, throw made
Batting: LHB Júlio Martínez 0-0: Ball
1-0: Fly out, F4 (Line Drive, 4M)
Bottom of the 9th over - 1 run(s), 2 hit(s), 0 error(s), 1 left on base; Salem 6 - West Virginia 3
This league is powered by Out of the Park Baseball, the baseball management simulation game for PC, Mac and Linux
Tuesday, August 2nd, 2016 - OOTP Baseball 16.8 Build 38